 Seeded DCSS version 0.28-a0-1412-gf95308ed99 (webtiles) character file.

Game seed: 20220107 (custom seed)

96 a11behringer the Cudgeller (level 4, -4/29 HPs)
             Began as a Gargoyle Berserker on Jan 7, 2022.
             Was a Believer of Trog.
             Killed from afar by an orc wizard (10 damage)
             ... with a magic dart
             ... on level 3 of the Dungeon.
             The game lasted 00:04:24 (2521 turns).

a11behringer the Cudgeller (Gargoyle Berserker)     Turns: 2521, Time: 00:04:24

Health: -4/29      AC:  6    Str: 28    XL:     4   Next: 67%
Magic:  4/4        EV: 11    Int:  8    God:    Trog [**....]
Gold:   106        SH:  0    Dex:  9    Spells: 3/3 levels left

rFire   . . .      SeeInvis .   a - +0 mace
rCold   . . .      Faith    .   (no shield)
rNeg    + . .      Spirit   .   h - +0 leather armour
rPois   ∞          Reflect  .   (no helmet)
rElec   +          Harm     .   (no cloak)
rCorr   .          Rampage  .   (no gloves)
Will    .....                   (no boots)
Stlth   +.........              (no amulet)
HPRegen 0.09/turn               f - +6 ring of strength
MPRegen 0.09/turn               (no ring)

@: on berserk cooldown, slowed, very slow
A: sickness immunity, AC +3, negative energy resistance 1, electricity
resistance, torment resistance 1, petrification resistance
a: Renounce Religion, Berserk, Trog's Hand


You were on level 3 of the Dungeon.
You worshipped Trog.
Trog was pleased with you.
You visited 1 branch of the dungeon, and saw 3 of its levels.

You collected 106 gold pieces.

Inventory:

Hand Weapons
 a - a +0 mace (weapon)
Missiles
 e - 23 arrows
Armour
 b - a +0 animal skin
 h - a +0 leather armour (worn)
Jewellery
 f - a +6 ring of strength (left hand)
Scrolls
 c - a scroll of silence {unknown}
 g - a scroll of vulnerability {unknown}
 i - 2 scrolls of identify {unknown}
 j - a scroll of fear {unknown}
 k - a scroll of summoning {unknown}
 l - a scroll of torment {unknown}
Potions
 d - a potion of cancellation {unknown}
 m - 2 potions of curing {unknown}
 n - a potion of heal wounds {unknown}


   Skills:
 + Level 3.6 Fighting
 * Level 4.6 Maces & Flails
 + Level 2.3 Armour
 + Level 2.0 Dodging
 + Level 0.3 Stealth


You had 3 spell levels left.
You didn't know any spells.
Your spell library was empty.

Dungeon Overview and Level Annotations

Branches:
Dungeon (3/15)

Altars:
Cheibriados


Innate Abilities, Weirdness & Mutations

You are immune to sickness and miasma.
Your stone body is resilient. (AC +3)
You are immune to poison.
You resist negative energy. (rN+)
You are resistant to electric shocks. (rElec)
You are resistant to unholy torment.
You are immune to petrification.


Message History

You thump the orc!
You kill the orc!
Trog accepts your kill. Something hits you but does no damage.
You barely miss the orc. Your punch misses the orc. Something hits you.
The orc barely misses you. Something hits you.
You bludgeon the orc!!
You kill the orc!
Trog accepts your kill. Something hits you.
Something hits you but does no damage.
You closely miss something.
You hear some strange, mumbled words.
You are confused.
You bump into the rock wall.
Something hits you.
You're too confused to move!
You feel a strong urge to attack something.
You are no longer berserk.
You are exhausted.
You feel yourself slow down. Something hits you.
You hear some strange, mumbled words.
Something tries to affect you, but you resist.
You completely miss something. Something hits you but does no damage.
Something hits you.
Something hits you but does no damage. x2
You bump into the rock wall.
Something hits you. Something completely misses you.
You miss something.
You feel less confused.
Something hits you but does no damage. x2; Something hits you.
* * * LOW HITPOINT WARNING * * *
You hear some strange, mumbled words.
Something tries to affect you, but you resist.
You hit something.
You hear some strange, mumbled words.
Something tries to affect you, but you resist.
Something hits you.
* * * LOW HITPOINT WARNING * * *
You hear some strange, mumbled words.
A magic dart appears from out of thin air!
The magic dart hits you!
You die...

###### #....#.......#
#.##.#.......####
####.##.# .........#
#....##.# ........#
###.#####.# .......#
#....##.#.# .....>#
#.#<..).#.######){...+
#.#####.#...##.#@{...#
#.......###....#.....#
######### #..#.#.#####
#..#...# #..##### #..#
#... #... ####.


There were no monsters in sight!

Vanquished Creatures
  An orc priest (D:3)
  An adder (D:2)
  A worm (D:2)
  6 orcs
  4 bats
  6 endoplasms
  A giant cockroach (D:1)
  3 goblins (D:1)
  4 hobgoblins (D:1)
  4 jackals (D:1)
  4 kobolds
  A quokka (D:1)
  4 ball pythons
  2 frilled lizards (D:1)
  4 rats
46 creatures vanquished.

Notes
Turn   | Place    | Note
-------+----------+-------------------------------------------
     0 | D:1      | a11behringer the Gargoyle Berserker began the quest for the
                  | Orb.
     0 | D:1      | Reached XP level 1. HP: 14/14 MP: 1/1
   238 | D:1      | Reached XP level 2. HP: 17/19 MP: 2/2
   492 | D:1      | Reached XP level 3. HP: 12/23 MP: 3/3
   818 | D:1      | Found a faded altar of an unknown god.
   930 | D:1      | Reached ** piety under Trog
  1146 | D:2      | Reached skill level 4 in Maces & Flails
  1805 | D:2      | Found a snail-covered altar of Cheibriados.
  2462 | D:3      | Reached XP level 4. HP: 28/28 MP: 4/4
  2521 | D:3      | Killed from afar by an orc wizard

Illustrated notes

Levels and vault maps discovered:
D:1:      onia_arrival_mini_maze, layout_rooms,
          hellmonk_ecumenical_altar_crossroads
D:2:      layout_basic, basic_altar
D:3:      layout_basic, hellmonk_ghost_happy_afterlife, uniq_natasha

Skill      XL: |  1  2  3  4 |
---------------+-------------+-----
Maces & Flails | 4 |  4.6
Dodging        | 2 |  2.0
Fighting       | |  3.6
Armour         | |  2.3
Stealth        | |  0.3

Action                   |  1- 3 |  4- 6 || total
-------------------------+-------+-------++-------
Melee: Mace              |   146 |    15 ||   161
Invok: Berserk           |     1 |     1 ||     2
Armor: Animal skin       |    48 |       ||    48
       Leather armour    |    27 |    12 ||    39
Dodge: Dodged            |    84 |     4 ||    88

Table legend: (Time is in decaauts)
 A = Elapsed time spent in this place.
 B = Non-inter-level travel time spent in this place.
 C = Inter-level travel time spent in this place.
 D = Time resting spent in this place.
 E = Time spent auto-exploring this place.
 F = Levels seen in this place.
 G = Mean time per level.
                   A        B        C        D        E       F      G
               +--------+--------+--------+--------+--------+-----+--------+
         Total |   2559 |   2451 |    108 |      0 |   2102 |   3 |  853.0 |
       Dungeon |   2559 |   2451 |    108 |      0 |   2102 |   3 |  853.0 |
               +--------+--------+--------+--------+--------+-----+--------+

Top non-repeatable levels by time:
     D:2: 1323 daAuts
     D:1: 1169 daAuts
     D:3: 67 daAuts
